 Dungeon Crawl Stone Soup version 0.19-a0-1875-g4fea3da (webtiles) character file.

3653 Amnesiac the Zephyrmancer (level 10, -2/50 HPs)
             Began as a Tengu Air Elementalist on Oct 13, 2016.
             Was an Elder of Sif Muna.
             Slain by a hornet (6 damage)
             ... while paralysed by a hornet
             ... on level 8 of the Dungeon.
             The game lasted 00:20:32 (8898 turns).

Amnesiac the Zephyrmancer (Tengu Air Elementalist)  Turns: 8898, Time: 00:20:33

Health: -2/50      AC:  8    Str:  8    XL:     10   Next: 12%
Magic:  12/20      EV:  2    Int: 19    God:    Sif Muna [****..]
Gold:   265        SH:  0    Dex: 15    Spells: 5 memorised, 6 levels left

rFire  + . .     SeeInvis .     (no weapon)
rCold  + . .     Gourm    .     J - +2 robe {rN+}
rNeg   + . .     Faith    .     x - +1 buckler
rPois  .         Spirit   .     t - +2 hat
rElec  .         Dismiss  .     A - +0 cloak
rCorr  .         Reflect  .     k - +0 pair of gloves
MR     .....     Harm     .     (boots unavailable)
Stlth  ++........               I - amulet of magic regeneration
                                o - ring of protection from fire
                                E - ring of protection from cold

@: paralysed, lethally poisoned (-2 -> -7), slowed, repel missiles, divine
energy
A: beak, talons 3, able to fly 1
a: Fly, Stop Divine Energy, Channel Magic, Forget Spell, Renounce Religion


You were on level 8 of the Dungeon.
You worshipped Sif Muna.
Sif Muna was greatly pleased with you.
You were not hungry.

You visited 2 branches of the dungeon, and saw 9 of its levels.

You collected 265 gold pieces.

Inventory:

Armour
 k - a +0 pair of gloves (worn)
 t - a +2 hat (worn)
 x - a +1 buckler (worn)
 A - a +0 cloak (worn)
 J - a +2 robe of positive energy (worn)
Magical Staves
 C - an uncursed staff of air
Jewellery
 o - a ring of protection from fire (right hand)
 r - an uncursed ring of see invisible
 v - an uncursed amulet of harm
 E - a ring of protection from cold (left hand)
 I - an amulet of magic regeneration (around neck)
Wands
 s - a wand of lightning (9/15)
 D - a wand of acid (3/15)
 F - a wand of heal wounds (9/9)
Scrolls
 d - 2 scrolls of enchant weapon
 e - a scroll of teleportation
 f - a scroll of fog
 h - a scroll of remove curse
 l - a scroll of fear
 m - 4 scrolls of identify
 y - a scroll of enchant armour
Potions
 i - 2 potions of might
 n - 2 potions of flight
 q - a potion of curing
 u - a potion of agility
 B - a potion of haste
Books
 b - a book of Air

   Spells                             Type                      Level
   a - Shock                          Conjuration/Air              1
   b - Swiftness                      Charms/Air                   2
   c - Repel Missiles                 Charms/Air                   2
   d - Static Discharge               Conjuration/Air              3
   e - Lightning Bolt                 Conjuration/Air              5
 w - a book of Maledictions

   Spells                             Type                      Level
   a - Corona                         Hexes                        1
   b - Ensorcelled Hibernation        Hexes/Ice                    2
   c - Confuse                        Hexes                        3
   d - Tukima's Dance                 Hexes                        3
   e - Dazzling Spray                 Conjuration/Hexes            3
 z - a book of Misfortune

   Spells                             Type                      Level
   a - Confusing Touch                Hexes                        1
   b - Confuse                        Hexes                        3
   c - Gell's Gravitas                Hexes/Translocation          3
   d - Petrify                        Transmutation/Earth          4
   e - Metabolic Englaciation         Hexes/Ice                    5
   f - Yara's Violent Unravelling     Hexes/Transmutation          5
Comestibles
 a - a chunk of flesh
 c - 4 bread rations
 g - 3 meat rations
 j - 7 fruits


   Skills:
 - Level 2.1 Dodging
 - Level 2.0 Stealth
 - Level 4.3 Shields
 + Level 6.3 Spellcasting
 + Level 8.9 Conjurations
 * Level 12.7 Air Magic


You had 6 spell levels left.
You knew the following spells:

 Your Spells              Type           Power        Failure   Level  Hunger
a - Repel Missiles        Chrm/Air       ####..       1%          2    None
b - Lightning Bolt        Conj/Air       #####.....   4%          5    #####..
f - Static Discharge      Conj/Air       #####...     1%          3    ##.....
w - Swiftness             Chrm/Air       ####....     1%          2    None
z - Dazzling Spray        Conj/Hex       ###...       6%          3    ##.....


Dungeon Overview and Level Annotations

Branches:
Dungeon (8/15)             Temple (1/1) D:5
   Lair: D:8-11

Altars:
Ashenzari
Cheibriados
Dithmenos
Elyvilon
Fedhas
Gozag
Hepliaklqana
Kikubaaqudgha
Makhleb
Nemelex Xobeh
Okawaru
Qazlal
Ru
Sif Muna
Trog
Uskayaw
Vehumet
Xom
Yredelemnul
Zin
The Shining One

Shops:
D:4 ?(:=!   D:6 [[

Annotations:
D:2 Terence


Innate Abilities, Weirdness & Mutations

You have a beak for a mouth.
You have claws for feet.
You can fly.


Message History

The lightning grounds out.
The hornet stings you.
You feel yourself slow down. You block the hornet's attack.
Casting: Static Discharge
Confirm with . or Enter, or press ? or * to list all spells.
The hornet is struck by lightning.
The hornet is heavily wounded.
The lightning arcs!
The soldier ant is struck by lightning.
The soldier ant is lightly wounded.
The lightning grounds out.
You feel yourself speed up. The hornet stings you!
You suddenly lose the ability to move!
The hornet stings you!
You are poisoned.
You feel yourself slow down.
You hear an angry buzzing noise.
You feel sick. The hornet stings you!
* * * LOW HITPOINT WARNING * * *
You feel as though you will be slow longer.
The hornet stings you.
You die...

# # # # # .. #.
#.###### .#
#.#### #.......
.# #....####
######. .#
#.#..##.# #####
#. .# #.#..@y#.#
#...###. .#
#.##.##a#.#
###..... .#
#.#####.##.#
#.#y# #..##. [##
#..........# ####
##..... <.#
######.##.# #..#
##...).. ).###
#.##)#
#..####.))[...
....########.##.#
#......)).)...
.............##.#
##.####)......
....###########.#
#.# ##.รท...#


You could see a soldier ant and a hornet.

Vanquished Creatures
  Pikel (D:5)
  The ghost of Amnesiac the Slasher, a novice HaMo of Trog (D:5)
  A hornet (D:8)
  Prince Ribbit (D:6)
  A hippogriff (D:8)
  Sigmund (D:2)
  Eustachio (D:4)
  A water moccasin (D:6)
  2 orc warriors (D:7)
  2 slaves (D:5)
  An eye of draining (D:6)
  An ice beast (D:5)
  An ogre (D:7)
  A phantom (D:7)
  3 centaurs
  2 bullfrogs (D:6)
  A water moccasin skeleton (D:7)
  A howler monkey (D:6)
  3 crimson imps
  4 hounds
  3 orc priests (D:7)
  2 bullfrog skeletons
  Crazy Yiuf (D:6)
  2 iguanas
  4 orc wizards
  3 worker ants
  A hound skeleton (D:4)
  A worker ant zombie (D:8)
  A howler monkey zombie (D:6)
  10 gnolls
  10 adders
  3 shadow imps
  An ooze (D:4)
  An adder zombie (D:6)
  An adder skeleton (D:5)
  A dart slug (D:3)
  5 leopard geckos
  36 orcs
  7 giant cockroaches
  7 hobgoblins
  12 jackals
  2 kobolds
  3 quokkas
  A ball python (D:5)
  4 bats
  2 frilled lizards
  3 goblins
  A jackal skeleton (D:6)
  2 rats
160 creatures vanquished.

Notes
Turn   | Place    | Note
-------+----------+-------------------------------------------
     0 | D:1      | Amnesiac the Tengu Air Elementalist began the quest for the Orb.
     0 | D:1      | Reached XP level 1. HP: 10/10 MP: 4/4
    60 | D:2      | Noticed Terence
   168 | D:4      | Found Puxt's Jewellery Shoppe.
   200 | D:4      | Found Quoffiw's Book Emporium.
   212 | D:4      | Reached XP level 2. HP: 15/15 MP: 0/6
   307 | D:4      | Reached skill level 5 in Air Magic
   307 | D:4      | Reached XP level 3. HP: 4/19 MP: 0/7
   664 | D:4      | Learned a level 3 spell: Static Discharge
   841 | D:4      | Reached XP level 4. HP: 17/24 MP: 4/8
  1138 | D:4      | Found Lozahiza's Distillery.
  1430 | D:4      | Found Reriofap's Weapon Boutique.
  1432 | D:4      | Found Unicius's Magic Scroll Shoppe.
  1436 | D:4      | Learned a level 2 spell: Repel Missiles
  1513 | D:5      | Entered Level 5 of the Dungeon
  1515 | D:5      | Gained mutation: You can fly. [Tengu growth]
  1515 | D:5      | Reached XP level 5. HP: 28/28 MP: 7/10
  1600 | D:5      | Found a staircase to the Ecumenical Temple.
  1624 | D:5      | Reached skill level 6 in Air Magic
  1642 | Temple   | Entered the Ecumenical Temple
  1841 | Temple   | Became a worshipper of Sif Muna the Loreminder
  1884 | D:5      | Noticed Amnesiac's ghost (novice HaMo)
  2057 | D:2      | Noticed Sigmund
  2130 | D:2      | Killed Sigmund
  2130 | D:2      | Reached XP level 6. HP: 25/32 MP: 5/11
  2173 | D:2      | Reached skill level 7 in Air Magic
  2264 | D:2      | Found a faded altar of an unknown god.
  3119 | D:3      | Learned a level 5 spell: Lightning Bolt
  3680 | D:5      | Noticed a slave
  3682 | D:5      | Noticed a slave
  3683 | D:5      | Noticed Eustachio
  3787 | D:6      | Noticed Prince Ribbit
  3921 | D:6      | Noticed an eye of draining
  4079 | D:6      | Reached XP level 7. HP: 36/36 MP: 5/13
  4278 | D:6      | Reached skill level 5 in Conjurations
  4278 | D:6      | Reached skill level 8 in Air Magic
  4358 | D:6      | Reached * piety under Sif Muna
  4448 | D:6      | Found Totiqix's Antique Armour Boutique.
  4571 | D:6      | Killed Prince Ribbit
  4571 | D:6      | Reached skill level 9 in Air Magic
  4571 | D:6      | Reached XP level 8. HP: 23/41 MP: 7/15
  4927 | D:6      | Found a runed door.
  5023 | D:6      | Reached ** piety under Sif Muna
  5218 | D:6      | Found Daex's Armour Shoppe.
  5347 | D:6      | Noticed Crazy Yiuf
  5354 | D:6      | Killed Crazy Yiuf
  5354 | D:6      | Reached skill level 1 in Shields
  6020 | D:4      | Killed Eustachio
  6328 | D:5      | Killed Amnesiac's ghost
  6328 | D:5      | Reached skill level 5 in Spellcasting
  6328 | D:5      | Reached skill level 10 in Air Magic
  6328 | D:5      | Reached XP level 9. HP: 4/45 MP: 0/17
  6328 | D:5      | HP: 1/45 [/static electricity (3)]
  6329 | D:5      | Noticed Pikel
  6824 | D:5      | Killed Pikel
  6824 | D:5      | Reached skill level 11 in Air Magic
  7106 | D:7      | Reached *** piety under Sif Muna
  7640 | D:7      | Reached skill level 12 in Air Magic
  8160 | D:8      | Noticed a hornet
  8160 | D:8      | Noticed a hornet
  8163 | D:8      | Paralysed by a hornet for 3 turns
  8166 | D:8      | Killed a hornet
  8166 | D:8      | Reached XP level 10. HP: 10/50 MP: 8/20
  8488 | D:8      | Learned a level 3 spell: Dazzling Spray
  8537 | D:8      | Reached **** piety under Sif Muna
  8621 | D:8      | Learned a level 2 spell: Swiftness
  8897 | D:8      | Paralysed by a hornet for 3 turns
  8898 | D:8      | Slain by a hornet

Vault maps used:
D:1:      mushboom_english_gardens
D:2:      ecumenical_altar_1, first_bread, kennysheep_slug_shrine, uniq_natasha,
          uniq_terence, uniq_sigmund
D:3:      serial_curves, eino_curves_03, eino_curves_03
D:4:      serial_shops, shop, shop, shop, shop_statue, shop,
          minmay_close_crescents
D:5:      uniq_pikel, uniq_eustachio
D:6:      serial_shops, shop, shop_fountains, minivault_23,
          minmay_misc_feat_plants, roderic_lattice_a, uniq_crazy_yiuf_cottage,
          uniq_prince_ribbit1
D:8:      hangedman_pestilent_swarm
Temple:   compressed_dpeg_triangle_lava_temple

Skill      XL: |  1  2  3  4  5  6  7  8  9 |
---------------+----------------------------+-----
Conjurations   | 2 3 4 6 8 |  8.9
Air Magic      | 5 6 7 9 10 12 | 12.7
Spellcasting   | 3 4 5 6 |  6.3
Shields        | 4 |  4.3
Dodging        | |  2.1
Stealth        | |  2.0

Action                   |  1- 3 |  4- 6 |  7- 9 | 10-12 || total
-------------------------+-------+-------+-------+-------++-------
Melee: Falchion          |     2 |       |       |       ||     2
       Mace              |       |     2 |    33 |       ||    35
       Kick              |       |       |     6 |     5 ||    11
       Peck              |       |       |     8 |     6 ||    14
       Staff             |       |       |     4 |    28 ||    32
 Cast: Shock             |    35 |   131 |   142 |       ||   308
       Static Discharge  |       |     1 |    59 |     8 ||    68
       Repel Missiles    |       |     1 |       |       ||     1
       Dazzling Spray    |       |       |       |    21 ||    21
Invok: Divine Energy     |       |       |     1 |       ||     1
 Abil: Fly               |       |     1 |       |       ||     1
  Use: Scroll            |     3 |     4 |    12 |     2 ||    21
       Potion            |     2 |       |     1 |     1 ||     4
 Stab: Sleeping          |       |       |     2 |       ||     2
       Invisible         |       |       |       |     2 ||     2
  Eat: Chunk             |       |    10 |    14 |     4 ||    28
       Beef jerky        |       |       |     1 |       ||     1
Armor: Robe              |     3 |     5 |    19 |    10 ||    37
Dodge: Dodged            |     8 |    15 |    53 |    24 ||   100
       Deflected         |       |     2 |     6 |       ||     8
Block: Buckler           |       |       |    21 |    11 ||    32
       Rpst.: Falchion   |     2 |       |       |       ||     2
